Map: Piattaforma kimerana

Players

ZogZog

  • Race: Terran Terran
  • Spawn Location: 5:00

Alconaut

  • Race: Terran Terran
  • Spawn Location: 6:00

Tears

  • Race: Terran Terran
  • League: Silver
  • Spawn Location: 7:00

POWELL

  • Race: Zerg Zerg
  • Spawn Location: 6:00

XUIAsure - Winner!

  • Race: Zerg Zerg
  • Spawn Location: 12:00

ulikedagz - Winner!

  • Race: Protoss Protoss
  • Spawn Location: 12:00

Krakan - Winner!

  • Race: Zerg Zerg
  • Spawn Location: 1:00

Jhyrachy - Winner!

  • Race: Zerg Zerg
  • League: Gold
  • Spawn Location: 11:00

VOD

Have the link to the VOD?

Description

Time

  • Played on: April 10, 2016, 8:21 a.m.
  • Length: 26:02
Show
View Real Time Build Order
Export as new Build Order

ZogZog Terran 

Build Orders:  

Get SALT Encoding   

  12  0:06  SCV  
  13  0:32  Supply Depot  
  13  0:35  Refinery  
  13  0:38  Refinery  
  13  0:56  Barracks  
  13  1:03  SCV  
  14  1:15  SCV  
  15  1:25  Supply Depot  
  15  1:28  SCV  
  16  1:40  SCV  
  17  1:52  SCV  
  17  1:53  Engineering Bay  
  18  2:09  Factory  
  18  2:22  Orbital Command  
  18  2:29  Marine  
  19  2:47  Marine  
  20  2:55  Factory Reactor  
  20  3:05  Factory  
  20  3:06  Factory  
  20  3:34  Sensor Tower, SCV  
  21  3:46  SCV  
  22  3:50  Armory  
  22  3:51  Factory  
  22  3:52  Factory Reactor  
  22  3:55  Factory Tech Lab  
  22  3:58  SCV  
  23  4:10  Widow Mine x2  
  27  4:37  Factory Reactor  
  27  4:40  Drilling Claws  
  27  4:45  Widow Mine  
  27  4:46  Widow Mine  
  31  5:16  Command Center  
  31  5:33  Widow Mine x4  
  38  6:12  Supply Depot  
  38  6:27  Widow Mine x7  
  52  6:33  Planetary Fortress  
  52  6:56  Widow Mine  
  52  6:59  Supply Depot  
  52  7:00  Supply Depot  
  54  7:48  Widow Mine x3  
  54  7:49  Widow Mine x4  
  68  8:17  Widow Mine x6  
  68  8:18  Widow Mine  
  82  8:21  SCV  
  83  8:45  Widow Mine  
  83  8:47  Widow Mine  
  79  9:17  Widow Mine x3  
  85  9:30  Supply Depot  
  85  9:31  Supply Depot  
  85  9:34  Supply Depot  
  85  9:51  Widow Mine x4  
  85  9:52  Widow Mine x2, Hellion  
  91  10:14  Hellion  
  83  10:20  Hellion  
  57  10:39  Hellion  
  57  10:40  Hellion x5  
  57  10:42  Hellion  
  64  11:11  Missile Turret  
  64  11:13  Missile Turret  
  64  11:15  Missile Turret  
  64  11:46  Widow Mine x5  
  64  11:47  Widow Mine  
  66  11:59  Widow Mine  
  62  12:14  Widow Mine x2  
  68  12:44  Hellbat, Hellion x2  
  68  12:45  Hellbat, Hellion x3  
  80  13:29  Hellion x7  
  80  13:38  Hellion x6  
  80  13:39  Hellion  
  90  13:59  Hellion  
  82  14:21  Widow Mine x4  
  82  14:22  Widow Mine x3  
  76  14:49  Widow Mine  
  76  14:50  Widow Mine x6  
  90  15:01  Terran Vehicle Weapons Level 1  
  86  15:51  Siege Tank  
  86  15:55  Hellion x3  
  86  15:56  Hellion  
  97  16:23  Siege Tank  
  80  16:55  Siege Tank  
  83  17:02  Widow Mine  
  83  17:03  Widow Mine x5  
  95  17:28  Siege Tank  
  98  17:31  Widow Mine x3  
  98  17:32  Widow Mine x2  
  108  17:37  Widow Mine  
  108  17:59  Widow Mine  
  110  18:16  Widow Mine  
  110  18:18  Widow Mine x2  
  108  18:20  Siege Tank  
  107  18:37  Widow Mine  
  109  18:50  Widow Mine  
  109  18:52  Widow Mine  
  109  18:53  Siege Tank  
  104  19:42  Hellion  
  104  19:43  Hellion x6  
  104  20:04  Hellion x3  
  110  20:10  Hellion  
  110  20:18  Hellion  
  110  20:19  Hellion  
  110  20:33  Hellion  
  109  20:37  Hellion x2  
  110  20:54  Hellion  
  110  20:57  Hellion  
  110  20:58  Hellion x2  
  110  20:59  Hellion x2  
  110  21:00  Hellion  
  86  21:16  Hellion  
  88  21:19  Hellion  
  88  21:45  Hellion x5  
  88  21:46  Hellion x2  
  90  22:06  Hellion x2  
  48  23:27  Hellbat x2  
  52  23:28  Hellbat  
  54  23:45  Marine  
  41  24:03  Marine  
  30  24:21  Marine  
  30  24:22  Widow Mine x2  
  29  25:15  Widow Mine  
  29  25:21  Widow Mine  
Show
View Real Time Build Order
Export as new Build Order

Alconaut Terran 

Build Orders:  

Get SALT Encoding   

  12  0:02  SCV  
  13  0:14  SCV  
  14  0:26  Supply Depot, SCV  
  15  0:50  Barracks  
  15  1:01  Barracks  
  15  1:05  SCV  
  16  1:17  Refinery, SCV  
  17  1:29  SCV  
  17  1:31  Barracks  
  18  1:38  Marine  
  19  1:42  Supply Depot  
  19  1:49  Marine  
  20  1:59  Barracks  
  20  2:02  SCV  
  21  2:14  SCV  
  22  2:19  Marine x3  
  25  2:26  SCV  
  25  2:29  Supply Depot  
  26  2:37  Marine x3  
  29  2:45  Marine  
  29  2:49  Factory  
  30  2:55  Marine  
  31  2:59  Supply Depot  
  31  3:02  Marine x2  
  33  3:12  SCV, Engineering Bay  
  34  3:24  Marine x3  
  34  3:26  Marine  
  38  3:35  Refinery  
  38  3:43  Missile Turret  
  38  3:45  Barracks Tech Lab  
  38  3:52  Marine x3  
  41  4:02  Starport  
  41  4:11  Combat Shields  
  41  4:14  Marine x2  
  43  4:28  Terran Infantry Weapons Level 1  
  43  4:59  Medivac  
  45  5:05  Command Center  
  45  5:19  Missile Turret  
  45  5:28  Marine x2  
  47  6:02  Supply Depot  
  47  6:17  Marine x4, Medivac  
  53  6:19  Refinery  
  53  6:22  Missile Turret  
  53  6:24  Terran Infantry Armor Level 1  
  53  6:30  Missile Turret  
  53  6:45  Widow Mine  
  55  6:48  Marine x3  
  58  7:03  Supply Depot  
  31  7:14  Widow Mine  
  28  7:15  Planetary Fortress  
  26  7:49  Marine x4  
  30  7:52  Medivac  
  30  7:55  SCV  
  33  8:07  Marine x2, SCV  
  36  8:18  Marauder  
  36  8:19  SCV  
  39  8:21  Marine  
  39  8:22  Medivac  
  39  8:24  Marine  
  39  8:25  Factory Tech Lab  
  43  8:40  Marauder  
  43  8:48  Liberator  
  39  8:59  Marine x3  
  39  9:01  Marine  
  43  9:03  Siege Tank  
  49  9:17  Marine x3  
  52  9:33  Marine  
  52  9:35  Marine x3  
  56  9:51  Marine  
  57  9:52  Marine  
  57  9:53  Marine x2  
  57  9:57  Medivac  
  62  10:30  Marine  
  62  10:33  Marine  
  62  10:41  Marine  
  62  11:06  Marine  
  62  11:13  Marine  
  62  11:17  Marine x2, Medivac  
  52  11:24  Marine  
  53  11:31  Marine  
  54  11:34  Marine x2  
  54  11:36  Supply Depot  
  56  11:41  Marine  
  57  11:49  Marine  
  57  11:52  Marine x2  
  60  12:48  Marine x2  
  60  12:49  Marine x2  
  51  13:06  Marine x2  
  51  13:07  Marine  
  54  13:13  Supply Depot  
  54  13:15  Marine  
  54  13:18  Siege Tank  
  58  13:21  Medivac  
  58  13:24  Marine x3  
  63  13:33  Marine  
  64  13:42  Marine x3  
  67  13:51  Siege Tank, Marine, Medivac  
  73  13:59  Marine  
  73  14:00  Marine x2  
  76  14:08  Marine  
  47  14:40  Armory  
  47  14:41  Liberator  
  47  14:44  Engineering Bay  
  47  14:53  Refinery, Marine x4  
  47  14:56  Siege Tank  
  57  15:11  Marine x4  
  61  15:28  Siege Tank, Marine, Supply Depot  
  64  15:29  Marine  
  66  15:37  Marauder, Marine  
  66  15:41  Medivac  
  71  15:46  Marine x2  
  73  15:55  Marine  
  74  15:58  Marauder  
  74  16:00  Siege Tank  
  79  16:04  Marine x2  
  79  16:11  Medivac  
  74  16:24  Orbital Command  
  58  16:49  Marine x4  
  58  16:53  Medivac  
  61  16:56  Thor  
  67  17:07  Marine x4  
  71  17:23  Medivac  
  71  17:24  Marine x2  
  71  17:25  Marine  
  76  17:45  Command Center  
  76  18:16  Marine x4  
  80  18:20  Terran Infantry Weapons Level 2  
  80  18:21  Terran Infantry Armor Level 2  
  80  18:24  Terran Vehicle And Ship Armor Level 1  
  80  18:34  Marine x4  
  84  18:58  Marine  
  84  18:59  Marine x3  
  68  19:16  Marine x2  
  68  19:17  Marine x2  
  60  19:27  Planetary Fortress  
  60  19:34  Marine x3  
  63  19:55  Marine  
  63  19:56  Marine x3  
  47  20:13  Marine x3  
  47  20:14  Siege Tank, Marine  
  45  20:31  Marine x4  
  48  20:46  Siege Tank  
  48  20:49  Marine  
  52  21:00  Medivac  
  40  21:18  Siege Tank  
  41  21:30  Medivac  
  36  21:34  Marine x4  
  40  21:52  Marine x4  
  44  22:00  Medivac  
  45  22:10  Marine x4  
  46  22:27  Marine  
  46  22:28  Marine x3  
  47  22:45  Marine x2  
  47  22:46  Marine x2  
  51  22:56  Hellion  
  53  22:59  Medivac  
  53  23:03  Marine x3  
  58  23:18  Hellion  
  60  23:33  Command Center  
  59  23:39  Hellion  
  24  24:54  Medivac  
  24  24:56  Marine x2  
  24  24:57  Marine x2  
  29  25:14  Marine  
  29  25:17  Siege Tank  
  33  25:21  Marine x2  
  33  25:22  Marine  
  36  25:32  Marine  
  37  25:39  Marine x3  
Show
View Real Time Build Order
Export as new Build Order

Tears Terran 

Build Orders: MMM Bio 

Get SALT Encoding   

  12  0:04  SCV  
  13  0:16  SCV  
  14  0:30  SCV  
  15  0:47  Supply Depot  
  15  1:09  SCV  
  16  1:16  Supply Depot  
  16  1:21  SCV  
  17  1:33  SCV  
  18  1:44  Barracks  
  18  1:45  SCV  
  19  1:57  SCV  
  19  1:59  Refinery  
  20  2:05  Refinery  
  20  2:09  SCV  
  21  2:21  SCV  
  22  2:34  SCV  
  23  2:41  Barracks Tech Lab  
  23  3:11  Factory  
  23  3:22  Combat Shields  
  23  3:39  Marine  
  24  3:57  Marine  
  24  3:59  Bunker  
  24  4:02  Factory Tech Lab  
  25  4:15  Marine  
  26  4:23  Siege Tank  
  29  4:33  Marine, Supply Depot  
  30  4:42  Stimpack  
  30  4:50  Marine  
  31  4:56  Supply Depot  
  31  5:08  Siege Tank  
  34  5:29  Supply Depot  
  34  5:38  Marine  
  35  5:46  Siege Tank  
  38  5:51  Supply Depot  
  38  5:56  Marine  
  39  6:14  Marine  
  32  6:31  Marine  
  32  6:40  Engineering Bay  
  29  6:49  Marine  
  30  7:12  Marine  
  31  7:19  SCV  
  32  7:29  Missile Turret, Marine  
  29  7:31  SCV  
  29  7:43  SCV  
  30  7:47  Marine  
  30  7:50  Missile Turret  
  31  7:55  SCV  
  32  8:00  Missile Turret  
  32  8:05  Marine  
  33  8:07  SCV  
  34  8:19  Sensor Tower  
  34  8:23  Marine  
  35  8:27  Missile Turret, Siege Tank  
  38  8:38  Missile Turret  
  38  9:08  Missile Turret  
  38  9:29  Marine  
  39  9:37  Hellion  
  41  9:47  Marine  
  42  9:58  Hellion  
  44  10:04  Marine  
  45  10:07  Command Center  
  45  10:18  Orbital Command  
  45  10:19  Hellion  
  47  10:22  Marine  
  48  10:40  Marine  
  48  10:41  Hellion  
  51  11:06  Siege Tank  
  39  11:38  Siege Tank  
  27  12:07  Marauder  
  29  12:10  Siege Tank  
  32  12:28  Marauder  
  34  12:42  Siege Tank  
  37  12:50  Marauder  
  39  13:11  Marauder  
  41  13:33  Marauder  
  27  13:53  Marine  
  28  14:04  Command Center  
  28  14:11  Marine  
  28  14:14  Hellion  
  31  14:29  Marine  
  32  14:36  Hellion  
  20  14:47  Marine  
  21  14:57  Hellion  
  23  15:05  Marine  
  23  15:18  Hellion  
  25  15:22  Marine  
  26  15:31  Command Center  
  26  15:40  Marine, Hellion  
  29  15:58  Marine  
  29  16:01  Siege Tank  
  33  16:16  Marine  
  34  16:33  Siege Tank  
  34  16:34  Marine  
  38  17:01  Refinery  
  38  17:02  Orbital Command  
  38  17:05  Siege Tank  
  41  17:22  Marine  
  42  17:37  Siege Tank, SCV  
  42  17:39  Marine  
  47  17:49  SCV  
  47  17:50  Supply Depot  
  48  17:57  Marine  
  49  18:13  Supply Depot  
  49  18:15  Marine  
  50  18:33  Marine  
  21  19:40  Starport  
  4  20:00  Hellion  
  6  20:21  Hellion  
Show
View Real Time Build Order
Export as new Build Order

POWELL Zerg 

Build Orders: Pool First 

Get SALT Encoding   

  12  0:04  Drone  
  13  0:08  Drone  
  14  0:23  Overlord  
  14  0:28  Extractor  
  13  0:29  Drone  
  14  0:49  Spawning Pool  
  13  0:50  Drone x2  
  15  1:03  Drone x2  
  17  1:21  Evolution Chamber  
  17  1:24  Drone x2  
  18  1:47  Hatchery  
  17  1:59  Extractor  
  17  2:01  Zergling x6  
  19  2:11  Metabolic Boost  
  19  2:15  Zergling x2  
  20  3:10  Drone x2  
  22  3:13  Zergling x6  
  25  3:20  Queen  
  27  3:36  Queen, Spine Crawler  
  28  3:42  Overlord  
  28  3:43  Overlord  
  28  3:50  Overlord  
  28  3:55  Zerg Melee Weapons Level 1  
  28  4:03  Zergling x2  
  28  4:04  Zergling x2  
  30  4:12  Zergling x6  
  33  4:23  Drone x2  
  35  4:37  Zergling x4  
  37  4:41  Zergling x4  
  39  4:50  Baneling Nest  
  38  4:53  Lair  
  26  5:52  Hydralisk Den  
  21  5:57  Spore Crawler  
  21  6:01  Spore Crawler  
  19  6:17  Spore Crawler  
  18  6:22  Spore Crawler  
  18  6:25  Spore Crawler  
  16  6:27  Hydralisk x2  
  16  6:28  Hydralisk x5  
  30  6:44  Hydralisk  
  30  6:45  Hydralisk x2  
  36  6:57  Spore Crawler  
  35  7:10  Drone  
  36  7:20  Overlord  
  36  7:51  Hydralisk x2  
  40  8:00  Zerg Missile Weapons Level 1  
  20  8:50  Drone  
  20  8:51  Drone x5  
  26  8:57  Drone  
  26  8:58  Drone  
  24  9:25  Drone x5  
  29  9:40  Drone x2  
  29  9:41  Drone x3  
  34  10:04  Centrifical Hooks  
  34  10:08  Zergling x6  
  34  10:09  Zergling x6  
  41  10:14  Zergling x6  
  41  10:19  Zerg Ground Armor Level 1  
  43  10:32  Zergling x2  
  43  10:35  Overlord  
  44  10:40  Overlord x2  
  44  11:04  Baneling x5  
  44  11:05  Baneling x6  
  44  11:06  Baneling x2  
  44  11:10  Zergling x10  
  44  11:11  Zergling x2  
  50  11:16  Zergling x6  
  50  11:17  Zergling x4  
  55  11:36  Infestation Pit  
  33  12:55  Zergling x4  
  33  12:56  Zergling x10  
  40  13:02  Extractor  
  40  13:05  Extractor  
  38  13:07  Zergling x4  
  38  13:08  Zergling x8  
  31  13:47  Zergling x6  
  31  13:48  Zergling x10  
  39  13:56  Zergling x6  
  39  13:57  Zergling x6  
  45  14:06  Overlord  
  45  14:21  Baneling x3  
  45  14:22  Baneling x5  
  45  14:23  Baneling x6  
  45  14:24  Baneling x5  
  45  14:25  Baneling x5  
  45  14:26  Baneling x3  
  31  14:58  Hydralisk  
  31  14:59  Hydralisk x2  
  37  15:04  Zergling x8  
  41  15:34  Zergling x4  
  41  15:35  Zergling x2  
  44  15:41  Zergling x6  
  47  15:45  Zergling x12  
  47  15:46  Zergling x2  
  54  16:08  Hydralisk  
  54  16:09  Hydralisk x4  
  52  16:38  Hydralisk x3  
  52  16:39  Hydralisk x2  
  62  16:47  Overlord x2  
  62  17:05  Lurker Den  
  62  17:17  Zergling x4  
  62  17:18  Zergling x6  
  62  17:22  Baneling x3  
  67  17:23  Baneling  
  67  17:28  Baneling  
  67  17:40  Baneling x4  
  67  17:41  Baneling  
  67  17:44  Hydralisk x4  
  44  18:59  Zergling x6  
  44  19:00  Zergling x4  
  49  19:06  Zergling x10  
  49  19:07  Zergling x10  
  59  19:23  Baneling x4  
  59  19:24  Baneling x5  
  59  19:25  Baneling  
  59  19:28  Hydralisk x2  
  38  19:49  Hydralisk x2  
  32  19:54  Hydralisk x3  
  14  20:41  Zergling x8  
  9  21:04  Zergling x2  
  9  21:05  Zergling x2  
  11  21:19  Hydralisk x2  
  11  21:20  Hydralisk x2  
  1  21:50  Zergling x8  
  1  21:51  Zergling x2  
  5  22:02  Zergling x2  
  1  22:20  Infestor  
  2  22:59  Drone x2  
Show
View Real Time Build Order
Export as new Build Order

XUIAsure Zerg - Winner!

Build Orders: Pool First 

Get SALT Encoding   

  12  0:07  Drone  
  13  0:19  Drone  
  14  0:32  Spawning Pool  
  14  0:34  Overlord  
  13  1:05  Drone x2  
  13  1:06  Drone  
  16  1:21  Spine Crawler  
  15  1:26  Extractor  
  15  1:29  Extractor, Overlord  
  13  1:34  Spore Crawler  
  13  1:35  Drone  
  13  1:36  Queen  
  15  2:01  Drone x3  
  18  2:10  Spine Crawler  
  17  2:17  Lair  
  17  2:24  Drone  
  18  2:31  Drone  
  19  2:51  Zergling x2  
  19  2:52  Zergling x2  
  19  2:57  Metabolic Boost  
  21  3:00  Zergling x2  
  22  3:09  Drone  
  23  3:23  Hydralisk Den  
  23  3:24  Hydralisk Den  
  21  3:27  Drone  
  21  3:29  Drone  
  23  3:35  Overseer  
  23  3:45  Drone  
  23  3:46  Drone  
  25  3:48  Drone  
  26  3:58  Hydralisk  
  27  4:14  Hydralisk  
  29  4:24  Pneumatized Carapace  
  29  4:26  Overlord  
  29  4:28  Overlord  
  29  4:34  Spore Crawler  
  28  4:42  Spore Crawler  
  27  4:47  Hydralisk  
  27  4:51  Drone  
  30  4:55  Drone  
  31  5:03  Drone  
  32  5:12  Overseer  
  32  5:28  Hydralisk x2  
  31  5:35  Hydralisk  
  30  5:40  Hydralisk  
  30  5:42  Hydralisk  
  32  5:46  Hydralisk  
  36  6:04  Hydralisk x2  
  40  6:17  Drone  
  40  6:18  Drone  
  42  6:29  Overseer  
  42  6:31  Hatchery  
  41  6:45  Drone  
  41  6:46  Drone  
  43  6:47  Drone  
  43  6:50  Spore Crawler  
  43  6:55  Muscular Augments  
  43  7:05  Evolution Chamber  
  43  7:07  Evolution Chamber  
  41  7:10  Evolution Chamber  
  41  7:14  Drone  
  41  7:17  Drone  
  42  7:35  Zerg Melee Weapons Level 1  
  42  7:37  Zerg Missile Weapons Level 1  
  42  7:41  Zerg Ground Armor Level 1  
  42  7:51  Drone x3  
  45  7:54  Drone  
  46  7:58  Drone  
  47  8:15  Drone x2  
  47  8:19  Infestation Pit  
  48  8:21  Drone x2  
  44  8:52  Extractor  
  43  8:57  Extractor  
  42  9:03  Hydralisk  
  42  9:04  Hydralisk x2  
  42  9:06  Queen  
  50  9:12  Drone  
  50  9:13  Drone  
  50  9:16  Overlord  
  52  9:23  Overlord  
  52  9:27  Overlord  
  52  9:28  Overlord  
  52  9:30  Lurker Den  
  52  9:35  Hive  
  52  9:36  Overlord  
  52  9:40  Hydralisk  
  54  9:48  Hydralisk  
  54  9:52  Hydralisk x2  
  56  9:57  Hydralisk  
  62  10:02  Overseer  
  62  10:09  Hydralisk x2  
  66  10:15  Hydralisk  
  66  10:20  Hydralisk  
  70  10:25  Hydralisk  
  72  10:34  Hydralisk  
  74  10:36  Hydralisk  
  76  11:06  Zerg Melee Weapons Level 2  
  76  11:08  Zerg Missile Weapons Level 2  
  76  11:10  Zerg Ground Armor Level 2  
  52  11:44  Hydralisk x4  
  52  11:45  Hydralisk  
  62  11:49  Hydralisk x3  
  56  12:16  Hydralisk x2  
  56  12:18  Hydralisk x2  
  56  12:19  Hydralisk x3  
  70  12:28  Hydralisk  
  72  12:32  Hydralisk  
  72  12:36  Spore Crawler  
  71  13:06  Hydralisk x4  
  71  13:07  Hydralisk x2  
  71  13:10  Overseer  
  83  13:13  Hydralisk  
  77  13:55  Hydralisk x3  
  77  14:00  Overlord x5  
  43  14:59  Hydralisk x2  
  43  15:00  Hydralisk  
  43  15:04  Zerg Melee Weapons Level 3  
  43  15:05  Zerg Ground Armor Level 3, Zerg Missile Weapons Level 3  
  47  15:07  Hydralisk x2  
  51  15:29  Hydralisk x2  
  55  15:51  Hatchery  
  54  15:57  Hatchery  
  53  16:11  Drone x3  
  53  16:17  Drone x4  
  60  16:22  Drone  
  61  16:39  Spine Crawler  
  60  16:43  Spine Crawler  
  60  16:47  Spore Crawler  
  58  16:52  Hydralisk x3  
  64  17:01  Drone x2  
  64  17:02  Drone  
  67  17:26  Extractor  
  67  17:29  Extractor  
  65  17:30  Hydralisk x2  
  65  17:33  Hydralisk x3  
  75  17:43  Hydralisk x2  
  75  17:44  Hydralisk x2  
  79  17:45  Hydralisk  
  85  17:58  Hydralisk x2  
  85  18:04  Hydralisk x2  
  85  18:05  Hydralisk  
  69  18:42  Hydralisk x2  
  69  18:43  Hydralisk x4  
  69  18:47  Drone, Hydralisk x5  
  78  19:03  Hydralisk x2  
  78  19:04  Hydralisk  
  54  19:51  Overseer  
  34  20:09  Drone  
  34  20:10  Drone x2  
  34  20:12  Drone x3  
  38  20:27  Spine Crawler  
  38  20:28  Spine Crawler x2  
  36  20:30  Spine Crawler  
  36  20:33  Zergling x4  
  36  20:34  Zergling x6  
  39  20:38  Lurker  
  40  20:57  Drone x3  
  41  21:00  Hydralisk  
  41  21:01  Hydralisk  
  47  21:15  Zergling x6  
  48  22:00  Hydralisk x3  
  48  22:03  Hydralisk x4  
  54  22:17  Hydralisk  
  54  22:20  Hydralisk  
  54  23:03  Overseer x2  
  54  23:05  Spine Crawler  
  53  23:07  Spine Crawler  
  53  23:10  Hydralisk x2  
  53  23:11  Hydralisk  
  58  23:33  Overseer x2  
  58  23:36  Overlord x4  
  58  23:37  Overlord x2  
  58  23:42  Hydralisk x3  
  46  24:43  Hydralisk x3  
  46  24:45  Hydralisk x3  
  58  24:59  Spore Crawler, Hydralisk x5  
  63  25:01  Spore Crawler  
  63  25:02  Spore Crawler  
  63  25:05  Overlord  
  65  25:19  Spine Crawler  
  64  25:23  Spine Crawler  
  64  25:26  Hydralisk x3  
Show
View Real Time Build Order
Export as new Build Order

ulikedagz Protoss - Winner!

Build Orders: Double Forge 

Get SALT Encoding   

  12  0:01  Probe (Chrono Boost)  
  13  0:14  Pylon  
  13  0:17  Probe (Chrono Boost)  
  14  0:28  Probe (Chrono Boost)  
  15  0:43  Gateway  
  15  0:45  Assimilator  
  16  0:50  Probe (Chrono Boost)  
  16  1:10  Probe (Chrono Boost)  
  17  1:33  Cybernetics Core  
  17  1:36  Gateway  
  17  1:38  Pylon  
  17  1:41  Gateway  
  17  1:43  Probe (Chrono Boost)  
  18  1:59  Zealot  
  18  2:00  Pylon  
  20  2:02  Probe (Chrono Boost)  
  21  2:12  Warp Gate (Chrono Boost)  
  21  2:15  Assimilator  
  21  2:20  Assimilator  
  21  2:24  Gateway  
  21  2:31  Pylon  
  21  2:40  Pylon  
  21  2:45  Pylon  
  21  2:51  Gateway  
  21  3:11  Stalker x2  
  25  3:46  Forge x2  
  25  3:52  Forge  
  25  3:54  Forge  
  25  3:57  Forge  
  25  4:02  Gateway  
  25  4:04  Forge  
  25  4:08  Forge  
  25  4:12  Forge  
  25  4:15  Forge  
  25  4:19  Probe (Chrono Boost)  
  26  4:30  Probe (Chrono Boost)  
  27  4:31  Protoss Ground Weapons Level 1 (Chrono Boost)  
  27  4:41  Probe  
  28  4:51  Protoss Ground Armor Level 1 (Chrono Boost)  
  28  4:53  Probe (Chrono Boost)  
  28  4:54  Stalker x2  
  33  5:05  Probe (Chrono Boost)  
  34  5:16  Probe (Chrono Boost)  
  35  5:32  Stalker x3  
  35  5:33  Stalker  
  43  5:47  Twilight Council  
  43  5:53  Robotics Facility  
  43  6:00  Robotics Facility  
  43  6:05  Robotics Facility  
  43  6:32  Blink  
  43  6:34  Stalker x2  
  47  6:48  Protoss Ground Weapons Level 2 (Chrono Boost)  
  47  6:58  Protoss Ground Armor Level 2 (Chrono Boost)  
  47  7:21  Observer  
  44  7:35  Stalker x2  
  36  7:37  Zealot x3  
  42  8:02  Nexus  
  42  8:07  Pylon  
  43  8:21  Observer  
  43  8:30  Stalker x3  
  43  8:31  Stalker x2  
  53  8:54  Nexus  
  53  9:10  Stalker  
  53  9:15  Stalker  
  57  9:33  Probe  
  57  9:36  Probe  
  59  9:43  Probe  
  59  9:48  Probe  
  59  9:54  Probe  
  45  10:09  Stalker  
  47  10:18  Pylon  
  44  10:36  Stalker x3  
  47  10:44  Probe x2  
  47  10:45  Probe  
  50  10:54  Probe x2  
  52  10:57  Probe  
  53  11:05  Probe x2  
  53  11:09  Probe  
  56  11:15  Probe x2  
  58  11:19  Stalker  
  58  11:20  Stalker x2  
  58  11:22  Probe  
  58  11:24  Stalker  
  67  11:26  Probe x2  
  67  11:32  Assimilator  
  69  11:34  Assimilator, Probe  
  69  11:35  Assimilator  
  69  11:36  Probe  
  69  11:39  Assimilator  
  70  12:06  Probe  
  70  12:08  Probe  
  71  12:09  Probe  
  73  12:17  Probe  
  73  12:18  Probe  
  73  12:21  Probe  
  76  12:25  Dark Shrine  
  76  12:27  Probe  
  76  12:29  Templar Archives, Probe  
  77  12:31  Templar Archives  
  77  12:33  Probe  
  79  12:38  Probe  
  79  12:39  Probe, Protoss Ground Weapons Level 3 (Chrono Boost)  
  81  12:45  Probe  
  81  12:48  Probe  
  81  12:50  Probe  
  83  12:56  Protoss Ground Armor Level 3 (Chrono Boost)  
  84  13:00  Zealot x2  
  84  13:02  Zealot x2  
  87  13:39  Pylon, Stalker x3  
  87  13:41  Pylon  
  93  13:51  Pylon  
  93  13:52  Pylon  
  93  13:54  Pylon  
  90  13:56  Pylon  
  90  13:58  Pylon  
  90  14:00  Pylon  
  90  14:03  Pylon  
  90  14:07  Pylon  
  90  14:12  Probe  
  90  14:13  Probe, Pylon  
  90  14:15  Probe, Pylon  
  90  14:16  Pylon  
  93  14:18  High Templar x4  
  93  14:19  High Templar  
  93  14:23  Probe  
  93  14:24  Probe  
  103  14:27  Probe  
  100  14:34  Probe x2, Gateway  
  100  14:37  Gateway  
  100  14:38  Gateway  
  102  14:56  Observer (Chrono Boost)  
  100  15:08  Pylon  
  100  15:09  Pylon  
  100  15:11  Pylon  
  100  15:12  Dark Templar x2  
  100  15:13  Dark Templar x3, Pylon, Protoss Shields Level 1  
  110  15:15  Pylon  
  110  15:17  Pylon  
  110  15:20  Pylon  
  105  15:38  Nexus  
  104  15:58  High Templar x5  
  114  16:14  Archon  
  114  16:15  Psionic Storm  
  100  16:21  Archon  
  100  16:22  Archon x3  
  100  16:23  Archon x2  
  75  16:48  Stalker x2  
  75  16:49  Stalker x2  
  75  16:50  Stalker  
  42  17:03  Observer (Chrono Boost)  
  37  17:20  Observer  
  37  17:29  High Templar  
  40  17:32  Zealot x4  
  48  17:39  Observer  
  49  17:47  High Templar  
  49  17:48  Zealot x2  
  55  17:58  Observer  
  56  18:12  High Templar  
  58  18:24  Stalker x2  
  50  18:38  Zealot  
  50  18:40  Stalker  
  54  18:44  Zealot x3  
  54  18:45  Zealot x2  
  20  19:07  Stalker x3  
  26  19:17  Zealot  
  4  20:41  Zealot  
    21:38  Stalker  
    21:39  Zealot x3  
  6  22:04  Stalker  
  6  22:05  Stalker x2  
  12  22:37  High Templar  
  14  22:43  Zealot x4  
  14  22:44  Zealot  
  20  23:31  Observer (Chrono Boost)  
Show
View Real Time Build Order
Export as new Build Order

Krakan Zerg - Winner!

Build Orders: Pool First 

Get SALT Encoding   

  12  0:03  Drone  
  13  0:26  Spawning Pool  
  12  0:33  Drone  
  13  0:39  Overlord  
  13  0:53  Extractor  
  12  1:03  Drone x2  
  12  1:04  Drone  
  15  1:17  Drone  
  16  1:22  Queen  
  18  1:26  Drone  
  19  1:42  Baneling Nest  
  19  1:45  Extractor  
  17  2:15  Lair  
  17  2:18  Drone x3  
  20  2:44  Metabolic Boost  
  20  2:54  Zergling x4  
  22  2:58  Overlord  
  22  2:59  Overlord x2  
  22  3:19  Overseer  
  22  3:30  Drone x2  
  24  3:51  Evolution Chamber  
  24  3:52  Centrifical Hooks  
  23  3:59  Evolution Chamber  
  22  4:13  Zergling x6  
  22  4:14  Zergling x6  
  28  4:24  Zerg Ground Armor Level 1  
  28  4:27  Zerg Melee Weapons Level 1  
  28  4:53  Drone  
  29  5:10  Drone  
  30  5:18  Burrow  
  30  5:23  Zergling x2  
  30  5:24  Zergling x10  
  36  5:58  Hatchery  
  35  6:19  Zergling x2  
  35  6:20  Zergling x8  
  40  6:30  Baneling x16  
  32  7:32  Pneumatized Carapace  
  32  8:15  Baneling  
  32  8:16  Baneling x21  
  32  8:33  Queen  
  34  8:36  Drone x3  
  26  9:02  Extractor  
  25  9:04  Drone x2  
  27  9:14  Extractor  
  26  9:18  Drone  
  27  9:27  Zerg Ground Armor Level 2  
  27  9:29  Zerg Melee Weapons Level 2  
  27  9:33  Drone  
  28  9:38  Zergling x2  
  28  9:39  Zergling x14  
  36  9:48  Zergling x2  
  36  9:49  Zergling x10  
  42  10:26  Infestation Pit  
  28  10:39  Zergling x8  
  10  11:04  Queen  
  9  11:25  Drone x4  
  13  11:35  Drone  
  13  11:36  Drone x2  
  16  11:59  Drone x2  
  18  12:03  Drone  
  19  12:28  Hive  
  19  12:45  Drone x2  
  21  12:59  Drone  
  21  13:00  Drone  
  21  13:03  Drone  
  24  13:28  Drone  
  24  13:29  Drone x3  
  28  13:36  Overlord  
  28  13:59  Adrenal Glands  
  28  14:02  Overseer  
  28  14:26  Zerg Ground Armor Level 3  
  28  14:36  Drone x3  
  31  14:48  Zerg Melee Weapons Level 3  
  31  15:24  Zergling x8  
  31  15:25  Zergling x12  
  40  16:10  Zergling x2  
  40  16:11  Zergling x10  
  44  16:17  Zergling x8  
  44  16:18  Zergling x4  
  52  16:26  Overlord  
  52  16:27  Overlord x3  
  52  16:53  Zergling x8  
  52  16:54  Zergling x2  
  57  17:17  Zergling x8  
  57  17:18  Zergling x2  
  62  17:23  Overlord x4  
  62  17:44  Zergling x2  
  62  17:45  Zergling x2  
  64  17:57  Zergling x4  
  64  17:58  Zergling x14  
  73  18:14  Overlord x2  
  73  18:23  Overlord  
  73  18:43  Overseer  
  73  18:44  Overseer  
  73  18:52  Zergling x2  
  73  18:53  Zergling x12  
  80  18:58  Overseer  
  31  21:08  Queen  
  33  21:21  Zergling x2  
  33  21:22  Zergling x18  
  37  23:32  Zergling x2  
  37  23:33  Zergling x4  
  38  24:13  Zergling x10  
  43  25:13  Hatchery  
  42  25:17  Zergling x2  
  42  25:18  Zergling x20  
  53  25:26  Overlord x3  
  53  25:27  Overlord x2  
Show
View Real Time Build Order
Export as new Build Order

Jhyrachy Zerg - Winner!

Build Orders: Hatch First 

Get SALT Encoding   

  12  0:01  Drone  
  13  0:10  Drone  
  14  0:16  Overlord  
  14  0:35  Drone  
  14  0:36  Drone x2  
  17  1:00  Drone  
  17  1:02  Drone, Extractor  
  18  1:07  Hatchery  
  17  1:18  Drone  
  17  1:19  Spawning Pool  
  17  1:29  Drone  
  18  1:34  Drone  
  19  1:43  Drone  
  20  1:52  Overlord  
  20  2:07  Queen  
  22  2:08  Overlord  
  22  2:19  Queen  
  22  2:21  Drone x2  
  26  2:27  Roach Warren  
  26  2:30  Drone  
  26  2:45  Lair  
  26  2:49  Extractor, Drone  
  26  2:50  Drone x2  
  28  2:52  Drone  
  28  2:54  Drone  
  30  3:01  Extractor  
  30  3:04  Extractor  
  28  3:14  Drone x4  
  32  3:22  Drone  
  32  3:23  Drone x2  
  35  3:34  Drone x5  
  36  3:38  Overlord  
  40  3:47  Drone  
  40  3:48  Drone  
  42  4:02  Spire  
  41  4:04  Drone  
  41  4:06  Drone  
  41  4:07  Drone x5  
  48  4:30  Overlord  
  48  4:31  Overlord  
  48  4:56  Overlord  
  48  5:14  Mutalisk  
  48  5:15  Mutalisk x10  
  51  5:29  Queen  
  51  5:31  Roach  
  51  5:32  Roach x5  
  51  5:33  Roach  
  62  5:59  Drone  
  55  7:47  Queen  
  57  7:53  Hatchery  
  56  8:01  Hatchery  
  55  8:14  Roach x3  
  55  8:15  Overlord x2  
  61  9:07  Hatchery  
  60  9:16  Glial Reconstitution  
  60  9:18  Burrow  
  60  9:44  Ravager x2  
  62  10:38  Drone x3  
  62  10:39  Drone  
  62  10:40  Drone x3  
  62  10:41  Drone x5  
  74  10:43  Overlord x4  
  74  11:24  Drone  
  74  11:25  Drone x16  
  83  11:58  Roach  
  83  11:59  Roach x8  
  86  12:16  Roach x3  
  90  12:28  Queen  
  92  12:35  Ravager x3  
  92  12:36  Ravager  
  86  13:16  Evolution Chamber  
  86  13:17  Tunneling Claws  
  86  13:19  Roach x6  
  105  13:20  Roach x4, Evolution Chamber  
  105  13:21  Overlord x4  
  102  13:54  Roach  
  102  13:55  Roach x12  
  128  14:08  Zerg Ground Armor Level 1, Zerg Missile Weapons Level 1  
  89  14:45  Roach x11  
  111  14:46  Roach x7  
  123  14:54  Roach x5  
  123  14:58  Ravager  
  124  15:01  Ravager  
  125  15:21  Extractor  
  125  15:23  Drone x2  
  125  15:24  Drone, Extractor  
  125  15:25  Drone x3  
  125  15:26  Hatchery, Drone  
  125  15:27  Drone x3  
  132  15:31  Queen  
  134  16:09  Zerg Missile Weapons Level 2, Zerg Ground Armor Level 2  
  134  16:14  Extractor  
  134  16:17  Drone x3  
  136  16:18  Extractor  
  136  16:19  Drone x2  
  136  16:20  Drone  
  138  16:32  Overlord x2  
  138  16:33  Overlord x3  
  138  16:52  Overlord x4  
  138  16:54  Drone  
  138  16:55  Drone x7  
  146  17:13  Hatchery  
  145  17:17  Extractor  
  145  17:20  Queen  
  146  17:27  Extractor  
  145  17:32  Roach  
  145  17:33  Roach x15  
  145  17:34  Roach x3  
  183  17:40  Pneumatized Carapace  
  183  17:41  Infestation Pit  
  182  18:17  Roach x4  
  182  18:18  Roach x5  
  200  18:34  Roach x19  
  200  18:35  Roach x4  
  176  19:10  Hive  
  176  19:13  Roach  
  176  19:14  Roach x11  
  164  20:46  Ravager  
  164  20:47  Ravager x13  
  164  20:48  Ravager  
  134  22:24  Roach x3  
  134  22:25  Roach x22  
  134  22:26  Roach x8  
  188  22:48  Zerg Ground Armor Level 3, Zerg Missile Weapons Level 3  
  188  23:22  Roach x45  
  188  23:41  Roach x45  
  180  24:35  Roach x44  
  180  24:38  Hatchery  
  179  24:45  Hatchery  
  178  25:12  Roach x42  
  174  25:37  Hatchery  
Tags
 
Add a new tag
Caveats
  • Supply blocks, unpowered buildings, or Contaminate may cause inaccurate times.
  • Supply counts are checked every 10 seconds.